 Seeded DCSS version 0.30-a0-125-g51eefa89be (webtiles) character file.

Game seed: 17246712331252751712 (custom seed)

37 wilfster70 the Covered (level 3, 33/33 HPs)
             Began as a Minotaur Fighter on Sept 18, 2022.
             Was a Plaything of Xom.
             Quit the game on level 2 of the Dungeon.
             The game lasted 00:02:42 (1130 turns).

wilfster70 the Covered (Minotaur Fighter)           Turns: 1130, Time: 00:02:42

Health: 33/33      AC:  7    Str: 20    XL:     3   Next: 21%
Magic:  2/2        EV:  9    Int:  7    God:    Xom [..*...]
Gold:   72         SH:  4    Dex:  9    Spells: 2/2 levels left

rFire   . . .      SeeInvis .    a - +0 trident
rCold   . . .      Faith    .    c - +0 buckler
rNeg    . . .      Spirit   .    b - +0 scale mail
rPois   .          Reflect  .    (helmet restricted)
rElec   .          Harm     .    (no cloak)
rCorr   .          Rampage  .    (no gloves)
Will    .....                    (no boots)
Stlth   ..........               (no amulet)
HPRegen 0.11/turn                (no ring)
MPRegen 0.08/turn                (no ring)

@: studying 2 skills
A: horns 2, retaliatory headbutt
a: Renounce Religion


You were on level 2 of the Dungeon.
You worshipped Xom.
You were a toy of Xom.
You visited 1 branch of the dungeon, and saw 2 of its levels.

You collected 72 gold pieces.

Inventory:

Hand Weapons
 a - a +0 trident (weapon)
Armour
 b - a +0 scale mail (worn)
 c - a +0 buckler (worn)
Jewellery
 m - a ring of ice
Scrolls
 e - a scroll of blinking {unknown}
 f - 2 scrolls of teleportation {unknown}
 h - 2 scrolls of identify {unknown}
 i - 3 scrolls of fog {unknown}
 j - 2 scrolls of poison {unknown}
 k - a scroll of amnesia {unknown}
 q - a scroll of enchant weapon {unknown}
Potions
 d - a potion of might
 g - 2 potions of curing
 l - a potion of cancellation {unknown}
 n - 2 potions of lignification {unknown}
 o - a potion of flight {unknown}
 p - a potion of magic {unknown}


   Skills:
 + Level 4.0 Fighting
 * Level 3.4 Polearms
 + Level 4.3 Armour
 - Level 4.0 Shields


You had 2 spell levels left.
You didn't know any spells.
Your spell library contained the following spells:

 Spells                   Type           Power      Damage    Failure   Level
 Blink                    Tloc           0%         N/A       94%         2
 Lesser Beckoning         Tloc           0%         N/A       99%         3
 Manifold Assault         Tloc           0%         N/A       100%        4


Dungeon Overview and Level Annotations

Branches:
Dungeon (2/15)

Altars:
Xom


Innate Abilities, Weirdness & Mutations

You have a pair of horns on your head.
You reflexively headbutt those who attack you in melee.


Message History

You kill the hobgoblin!
Found 13 gold pieces.
HP restored.
Found a robe.
You now have 72 gold pieces (gained 13).
Found a stone staircase leading up and a stone staircase leading down.
Found a robe.
You see here a +0 robe.
There is a stone staircase leading up here.
There is a stone staircase leading down here.
p - a metallic orange potion
There is a stone staircase leading down here.
There is a stone staircase leading up here.
A frilled lizard comes into view.
The frilled lizard hisses angrily.
A frilled lizard is nearby!
You puncture the frilled lizard!
You kill the frilled lizard!
A ball python comes into view.
The ball python hisses angrily.
A hobgoblin comes into view.
The hobgoblin shouts!
You puncture the ball python!
You kill the ball python!
You hit the hobgoblin.
You kill the hobgoblin!
You see here a ball python corpse.
i - 3 scrolls labelled MENUEB BIOTARI (gained 1)
Found an escape hatch in the floor.
Found a stone staircase leading down.
There is an escape hatch in the floor here.
Found a war axe.
Found a faded altar of an unknown god.
q - a scroll labelled XORCHU LAGROF
There is a faded altar of an unknown god here.
This altar belongs to (a) Ru, (b) Xom or (c) Ignis, but you can't tell which.
Press the corresponding letter to learn more about a god, or press enter to convert or escape to cancel.
Xom accepts your prayer! Xom welcomes you!
Xom is extremely interested.
Are you sure you want to abandon this character and quit the game? (Confirm with "yes".)

########### #........)#
#.##.##...# #.#...#...#
##### #...@...#.# .....
# #.#...#.#.# .[..# .#
#.##.##...# ###.####.
#.......#.# #.##..
.........# ###.##.#
########..# .##.##.##
#..# .##.#...# #.>#
......#.############..#


There were no monsters in sight!

Vanquished Creatures
  An adder (D:2)
  A ball python (D:2)
  A bat (D:1)
  3 endoplasms (D:1)
  A giant cockroach (D:1)
  3 hobgoblins
  2 quokkas (D:1)
  A frilled lizard (D:2)
  3 goblins (D:1)
  5 kobolds (D:1)
  4 rats (D:1)
25 creatures vanquished.

Notes
Turn   | Place    | Note
-------+----------+-------------------------------------------
     0 | D:1      | wilfster70 the Minotaur Fighter began the quest for the
                  | Orb.
     0 | D:1      | Reached XP level 1. HP: 19/19 MP: 0/0
    34 | D:1      | Identified a scroll of acquirement
    34 | D:1      | Acquired a manual of Armour
    85 | D:1      | Acquired a manual of Ice Magic
   137 | D:1      | Reached XP level 2. HP: 27/27 MP: 1/1
   708 | D:2      | Reached XP level 3. HP: 33/33 MP: 2/2
  1118 | D:2      | Found a faded altar of an unknown god.
  1129 | D:2      | Prayed at the altar of an unknown god.
  1129 | D:2      | Became a worshipper of Xom the Fickle
  1130 | D:2      | Quit the game

Illustrated notes

Levels and vault maps discovered:
D:1:      evilmike_arrival_plus, layout_rooms
D:2:      minmay_evil_eye, layout_loops_ring, ebering_ecumenical_altar_box

Skill      XL: |  1  2 |
---------------+-------+-----
Polearms       | 3 |  3.4
Armour         | 4 |  4.3
Fighting       | 4 |  4.0
Shields        | 4 |  4.0

Action                   || total
-------------------------++-------
Melee: Trident           ||    55
       Headbutt          ||     6
  Use: Scroll            ||     2
       Potion            ||     1
Armor: Scale mail        ||    15
Dodge: Dodged            ||    18
Block: Buckler           ||     6

Table legend: (Time is in decaauts)
 A = Elapsed time spent in this place.
 B = Non-inter-level travel time spent in this place.
 C = Inter-level travel time spent in this place.
 D = Time resting spent in this place.
 E = Time spent auto-exploring this place.
 F = Levels seen in this place.
 G = Mean time per level.
                   A        B        C        D        E       F      G
               +--------+--------+--------+--------+--------+-----+--------+
         Total |   1139 |   1136 |      3 |    121 |    611 |   2 |  569.5 |
       Dungeon |   1139 |   1136 |      3 |    121 |    611 |   2 |  569.5 |
               +--------+--------+--------+--------+--------+-----+--------+

Top non-repeatable levels by time:
     D:1: 630 daAuts
     D:2: 509 daAuts
